[Event "NOR-ch Various 2019"]
[Site "Larvik"]
[Date "2019.07.09"]
[Round "4.31"]
[White "Abdrlauf, Elham"]
[Black "Sorgjerd, Jan"]
[Result "1/2-1/2"]
[ECO "B55"]
[WhiteElo "2235"]
[BlackElo "2033"]
[Annotator "NA"]
[PlyCount "216"]
[EventDate "2019.07.06"]
[EventType "swiss"]
[EventCountry "NOR"]
[SourceTitle "playchess.com"]
[Source "ChessBase"]
[SourceQuality "1"]
[TimeControl "40/5400+30:1800+30"]

1. e4 c5 2. Nf3 d6 3. d4 cxd4 4. Nxd4 Nf6 5. f3 e6 6. c4 Be7 7. Nc3 Nc6 8. Be3 O-O 9. Be2 Bd7 10. O-O b6 11. Qd2 Rc8 12. Rfd1 Ne5 13. b3 a6 14. Rac1 Qc7 15. g4 Rfd8 16. g5 Ne8 17. f4 Ng6 18. Qe1 Qb8 19. Qf2 Nc7 20. h4 b5 21. h5 Nh8 22. f5 b4 23. Nb1 d5 24. exd5 exd5 25. f6 Bf8 26. Nd2 Re8 27. Nf1 dxc4 28. Bxc4 Be6 29. Nxe6 Nxe6 30. Rd5 Rcd8 31. Rcd1 Rxd5 32. Rxd5 Rd8 33. Rf5 Qd6 34. Ng3 Qd1+ 35. Kg2 Rd6 36. Re5 Qa1 37. Ra5 Nd4 38. Rxa6 Rxa6 39. Bxa6 Nxb3 40. Nf5 gxf6 41. Nh6+ Bxh6 42. gxh6 Na5 43. Qg3+ Ng6 44. hxg6 Qxa2+ 45. Kg1 Qb1+ 46. Kh2 Qc2+ 47. Bf2 hxg6 48. Bd3 Qd2 49. Bxg6 Qxh6+ 50. Bh5+ Kh7 51. Qd3+ Kg7 52. Qf3 Nc4 53. Bg3 Nd2 54. Qg4+ Qg5 55. Be1 Qxg4 56. Bxg4 Nf1+ 57. Kg1 Ne3 58. Be2 Nd5 59. Bc4 Nc3 60. Kf2 Ne4+ 61. Ke3 Ng5 62. Bxb4 Ne6 63. Bd3 Nf8 64. Bc3 Ng6 65. Ke4 Ne5 66. Bc2 Ng6 67. Bb1 Ne7 68. Ba5 Ng6 69. Bd8 Nh4 70. Kf4 Ng6+ 71. Kg4 Nf8 72. Kf5 Nh7 73. Be7 Kh6 74. Ba2 Kg7 75. Ba3 Nf8 76. Bb2 Nh7 77. Bd4 Kg8 78. Kg4 Kg7 79. Kh5 Ng5 80. Be3 Kh7 81. Bb1+ Kg7 82. Bc1 Ne6 83. Bh6+ Kg8 84. Kg4 Ng7 85. Kf4 Kh8 86. Ke3 f5 87. Kd4 Kh7 88. Bc1 Kg6 89. Kd5 Nh5 90. Ke5 f6+ 91. Ke6 Ng7+ 92. Ke7 Nh5 93. Ba2 f4 94. Ke6 Kg5 95. Kd5 Kg4 96. Kd4 Ng3 97. Bc4 f5 98. Ba3 f3 99. Ke3 f4+ 100. Kf2 Ne4+ 101. Kg1 f2+ 102. Kg2 f3+ 103. Kf1 Nd2+ 104. Kxf2 Nxc4 105. Bc5 Nd2 106. Ba7 Ne4+ 107. Kf1 f2 108. Bxf2 Nxf2 1/2-1/2

[Event "NOR-ch Various 2019"]
[Site "Larvik"]
[Date "2019.07.09"]
[Round "4.32"]
[White "Kristiansen, Willy M"]
[Black "Moen, Ole Christian"]
[Result "1/2-1/2"]
[ECO "E69"]
[WhiteElo "2118"]
[BlackElo "2234"]
[Annotator "NA"]
[PlyCount "111"]
[EventDate "2019.07.06"]
[EventType "swiss"]
[EventCountry "NOR"]
[SourceTitle "playchess.com"]
[Source "ChessBase"]
[SourceQuality "1"]
[TimeControl "40/5400+30:1800+30"]

1. d4 d6 2. Nf3 Nf6 3. c4 Nbd7 4. Nc3 e5 5. g3 c6 6. Bg2 g6 7. O-O Bg7 8. e4 O-O 9. h3 a6 10. a4 a5 11. Be3 exd4 12. Nxd4 Re8 13. Qc2 Nc5 14. Rfe1 Qe7 15. f3 Be6 16. Nxe6 Qxe6 17. b3 Nh5 18. g4 Qe5 19. Ne2 Ng3 20. Rad1 Nxe2+ 21. Rxe2 Ne6 22. Qd2 g5 23. Ree1 Bf8 24. Bd4 Nxd4 25. Qxd4 Qxd4+ 26. Rxd4 d5 27. Kf1 Bb4 28. Rc1 Bc5 29. Rd3 d4 30. Ke2 Rad8 31. h4 h6 32. f4 gxf4 33. Kf3 Rd6 34. Bh3 Rde6 35. Re1 Re5 36. Kxf4 Bd6 37. Kf3 c5 38. Bg2 R8e6 39. Kf2 Rg6 40. Bf3 Be7 41. Rh1 Rf6 42. Kg2 Kg7 43. Kg3 Bd6 44. Kg2 Rf4 45. Kg3 Re6 46. Kg2 Be5 47. Re1 Re8 48. Rh1 Kf6 49. Re1 Ke7 50. Kh3 Rg8 51. Rg1 Kd6 52. Re1 h5 53. g5 f6 54. Rg1 fxg5 55. Rxg5 Rxg5 56. hxg5 1/2-1/2

[Event "NOR-ch Various 2019"]
[Site "Larvik"]
[Date "2019.07.09"]
[Round "4.33"]
[White "Laverton, Christian"]
[Black "Demac, Elias"]
[Result "1/2-1/2"]
[ECO "E61"]
[WhiteElo "2115"]
[BlackElo "2215"]
[Annotator "NA"]
[PlyCount "83"]
[EventDate "2019.07.06"]
[EventType "swiss"]
[EventCountry "NOR"]
[SourceTitle "playchess.com"]
[Source "ChessBase"]
[SourceQuality "1"]
[TimeControl "40/5400+30:1800+30"]

1. d4 Nf6 2. Nf3 g6 3. c4 Bg7 4. Nc3 O-O 5. Bf4 d6 6. e3 Nc6 7. d5 e5 8. Bg5 Ne7 9. Be2 h6 10. Bxf6 Bxf6 11. Nd2 Bg7 12. e4 Bd7 13. O-O a5 14. b3 h5 15. a3 Bh6 16. Qc2 f5 17. exf5 Nxf5 18. Rae1 Kg7 19. Nde4 Nd4 20. Qd3 Bf5 21. Bd1 c6 22. Ne2 c5 23. Nxd4 cxd4 24. Bf3 Rc8 25. a4 Bf4 26. Qd1 Qb6 27. Ng3 h4 28. Ne4 Rce8 29. g3 hxg3 30. hxg3 Qd8 31. Kg2 Bh6 32. Rh1 Bxe4 33. Bxe4 Qg5 34. Rh4 Qd2 35. Qxd2 Bxd2 36. Reh1 Rh8 37. Rxh8 Rxh8 38. Rxh8 Kxh8 39. Bxg6 Kg7 40. Be4 b6 41. Kh3 Kf6 42. Kg4 1/2-1/2

[Event "NOR-ch Various 2019"]
[Site "Larvik"]
[Date "2019.07.09"]
[Round "4.34"]
[White "Holleland, Sigve"]
[Black "Thanke, Bror"]
[Result "0-1"]
[ECO "B07"]
[WhiteElo "2092"]
[BlackElo "2191"]
[Annotator "NA"]
[PlyCount "100"]
[EventDate "2019.07.06"]
[EventType "swiss"]
[EventCountry "NOR"]
[SourceTitle "playchess.com"]
[Source "ChessBase"]
[SourceQuality "1"]
[TimeControl "40/5400+30:1800+30"]

1. d4 Nf6 2. Bf4 d6 3. Nc3 g6 4. e4 Bg7 5. Qd2 h5 6. h3 c6 7. a4 Qa5 8. Nf3 O-O 9. Bd3 Nbd7 10. Rb1 e5 11. b4 Qc7 12. dxe5 dxe5 13. Be3 Rd8 14. Qe2 Nf8 15. Ng5 Ne6 16. Nxe6 Bxe6 17. O-O Rd7 18. Kh1 Qd8 19. Bg5 Qf8 20. Qe3 Nh7 21. Bh4 Bh6 22. Qe2 Rd4 23. b5 Qa3 24. Qe1 Bc4 25. bxc6 bxc6 26. Rb7 Re8 27. Nb1 Qc5 28. Qc3 Bf8 29. Bxc4 Rxc4 30. Qf3 Be7 31. Nd2 Rb4 32. Rd7 Rxa4 33. Nb3 Qc4 34. Nd2 Qe6 35. Rxe7 Rxe7 36. Bxe7 Qxe7 37. Qc3 Qd6 38. f3 Nf8 39. Rb1 Ne6 40. Qb3 Rd4 41. Nc4 Qc5 42. Nb2 Rb4 43. Qa3 Qb5 44. Kh2 a5 45. c4 Qb8 46. g4 hxg4 47. hxg4 Qd8 48. Kg3 Qg5 49. Qxa5 Qf4+ 50. Kh4 Qh2# 0-1

[Event "NOR-ch Various 2019"]
[Site "Larvik"]
[Date "2019.07.09"]
[Round "4.35"]
[White "Martinsen, Stig K"]
[Black "Shehzad, Shazil"]
[Result "1/2-1/2"]
[ECO "A57"]
[WhiteElo "2177"]
[BlackElo "2088"]
[Annotator "NA"]
[PlyCount "48"]
[EventDate "2019.07.06"]
[EventType "swiss"]
[EventCountry "NOR"]
[SourceTitle "playchess.com"]
[Source "ChessBase"]
[SourceQuality "1"]
[TimeControl "40/5400+30:1800+30"]

1. d4 Nf6 2. Nf3 c5 3. d5 b5 4. c4 g6 5. cxb5 a6 6. b6 Qxb6 7. Nc3 d6 8. e4 Bg4 9. Qa4+ Bd7 10. Qc2 Bb5 11. Qb3 Nbd7 12. Nxb5 axb5 13. Bxb5 Rb8 14. a4 Nxe4 15. O-O Bg7 16. Re1 Nef6 17. Bf4 O-O 18. Rxe7 Nh5 19. Bd2 Ne5 20. Nxe5 Bxe5 21. Bc3 Qd8 22. Ra7 Qb6 23. Bxe5 dxe5 24. Re7 Qd6 1/2-1/2

[Event "NOR-ch Various 2019"]
[Site "Larvik"]
[Date "2019.07.09"]
[Round "4.36"]
[White "Machlik, Monika"]
[Black "Fossan, Aleksander"]
[Result "1/2-1/2"]
[ECO "D92"]
[WhiteElo "2083"]
[BlackElo "2155"]
[Annotator "NA"]
[PlyCount "24"]
[EventDate "2019.07.06"]
[EventType "swiss"]
[EventCountry "NOR"]
[SourceTitle "playchess.com"]
[Source "ChessBase"]
[SourceQuality "1"]
[TimeControl "40/5400+30:1800+30"]

1. d4 Nf6 2. c4 g6 3. Nc3 d5 4. Bf4 Bg7 5. Nf3 O-O 6. Rc1 c5 7. dxc5 dxc4 8. e4 Qa5 9. Nd2 Be6 10. Qa4 Qxc5 11. Bxc4 Bxc4 12. Qxc4 Qxc4 1/2-1/2

[Event "NOR-ch Various 2019"]
[Site "Larvik"]
[Date "2019.07.09"]
[Round "4.37"]
[White "Skagseth, Havard M"]
[Black "Skotheim, Andreas"]
[Result "1/2-1/2"]
[ECO "B44"]
[WhiteElo "2002"]
[BlackElo "2138"]
[Annotator "NA"]
[PlyCount "27"]
[EventDate "2019.07.06"]
[EventType "swiss"]
[EventCountry "NOR"]
[SourceTitle "playchess.com"]
[Source "ChessBase"]
[SourceQuality "1"]
[TimeControl "40/5400+30:1800+30"]

1. e4 c5 2. Nf3 e6 3. d4 cxd4 4. Nxd4 Nc6 5. c4 Nf6 6. Nc3 Bb4 7. Nxc6 bxc6 8. Bd3 d5 9. exd5 exd5 10. cxd5 Nxd5 11. Bd2 Nxc3 12. Bxc3 Bxc3+ 13. bxc3 Qe7+ 14. Qe2 1/2-1/2

[Event "NOR-ch Various 2019"]
[Site "Larvik"]
[Date "2019.07.09"]
[Round "4.38"]
[White "Huse, Sigurd Kjelsbol"]
[Black "Esbensen, Kai Inge"]
[Result "1-0"]
[ECO "C68"]
[WhiteElo "2122"]
[BlackElo "1991"]
[Annotator "NA"]
[PlyCount "97"]
[EventDate "2019.07.06"]
[EventType "swiss"]
[EventCountry "NOR"]
[SourceTitle "playchess.com"]
[Source "ChessBase"]
[SourceQuality "1"]
[TimeControl "40/5400+30:1800+30"]

1. e4 e5 2. Nf3 Nc6 3. Bb5 a6 4. Bxc6 dxc6 5. O-O Be7 6. d3 Bf6 7. Be3 Ne7 8. Nbd2 O-O 9. h3 Ng6 10. Nb3 Re8 11. Re1 b6 12. Nh2 c5 13. Ng4 Bg5 14. Qf3 Bf4 15. Nd2 h5 16. Nh2 Qg5 17. Bxf4 Nxf4 18. Kh1 Nxg2 19. Rg1 Qxd2 20. Rxg2 Qh6 21. Rag1 g6 22. Rg5 Bg4 23. Nxg4 hxg4 24. R1xg4 Kg7 25. h4 f6 26. Rxg6+ Qxg6 27. Rxg6+ Kxg6 28. Qf5+ Kf7 29. Qh7+ Ke6 30. Qxc7 Rg8 31. Qxb6+ Kf7 32. Kh2 Rae8 33. Qb7+ Re7 34. Qd5+ Kg7 35. Kh3 Kh7 36. Qd6 Reg7 37. Qxf6 Rg1 38. Qf3 R8g6 39. c3 Kg8 40. b4 Rg7 41. bxc5 Rf7 42. Qh5 Rfg7 43. Qe8+ Kh7 44. Qxe5 Rh1+ 45. Qh2 Rxh2+ 46. Kxh2 Rb7 47. d4 Rb2 48. c6 Kg6 49. h5+ 1-0

[Event "NOR-ch Various 2019"]
[Site "Larvik"]
[Date "2019.07.09"]
[Round "4.39"]
[White "Aulin-Jansson, Joran"]
[Black "Rasmussen, Jonas H"]
[Result "1/2-1/2"]
[ECO "C68"]
[WhiteElo "2223"]
[BlackElo "2017"]
[Annotator "NA"]
[PlyCount "151"]
[EventDate "2019.07.06"]
[EventType "swiss"]
[EventCountry "NOR"]
[SourceTitle "playchess.com"]
[Source "ChessBase"]
[SourceQuality "1"]
[TimeControl "40/5400+30:1800+30"]

1. e4 e5 2. Nf3 Nc6 3. Bb5 a6 4. Bxc6 dxc6 5. Nc3 Bd6 6. d4 exd4 7. Qxd4 f6 8. O-O Ne7 9. Rd1 Ng6 10. h3 Qe7 11. Re1 O-O 12. Be3 Be6 13. Qd3 Rfd8 14. Qe2 Nf4 15. Bxf4 Bxf4 16. a3 Qf7 17. Rad1 Bc4 18. Rxd8+ Rxd8 19. Rd1 Rd6 20. Qe1 Qd7 21. b3 Rxd1 22. Qxd1 Qxd1+ 23. Nxd1 Be2 24. Nc3 Bxf3 25. gxf3 Kf7 26. Ne2 Bd6 27. a4 c5 28. c4 g5 29. Nc1 a5 30. Nd3 Kg6 31. Kg2 b6 32. h4 h6 33. f4 gxf4 34. Kf3 Kh5 35. Nxf4+ Kxh4 36. Nd5 Kg5 37. Ke3 Kg6 38. f4 h5 39. Kf3 Kf7 40. Ne3 Kg6 41. Nf5 Kf7 42. Kg3 Kg6 43. Nh4+ Kf7 44. Ng2 Kg6 45. Kh3 Kh6 46. Kh4 Kg6 47. Kg3 Kg7 48. Nh4 Kf7 49. Kf3 Kg7 50. Ke3 Kf7 51. Nf3 Ke6 52. Ne1 Kf7 53. Nd3 Ke6 54. Kf3 Kf7 55. e5 fxe5 56. fxe5 Be7 57. Nf4 h4 58. Kg4 c6 59. Kf5 Bd8 60. Nh3 Ke7 61. Nf4 Kd7 62. Kg4 Bc7 63. Kf5 Bd8 64. Kg6 h3 65. Nxh3 Ke6 66. Kg7 Kxe5 67. Kf7 Kd4 68. Ke8 Kc3 69. Kxd8 Kxb3 70. Kc7 Kxc4 71. Kxc6 Kb4 72. Kxb6 c4 73. Nf4 Kxa4 74. Nd5 Kb3 75. Kxa5 c3 76. Nxc3 1/2-1/2

[Event "NOR-ch Various 2019"]
[Site "Larvik"]
[Date "2019.07.09"]
[Round "4.40"]
[White "Mikalsen, Harald"]
[Black "Machlik, Edit"]
[Result "1/2-1/2"]
[ECO "B19"]
[WhiteElo "1992"]
[BlackElo "2075"]
[Annotator "NA"]
[PlyCount "103"]
[EventDate "2019.07.06"]
[EventType "swiss"]
[EventCountry "NOR"]
[SourceTitle "playchess.com"]
[Source "ChessBase"]
[SourceQuality "1"]
[TimeControl "40/5400+30:1800+30"]

1. e4 c6 2. d4 d5 3. Nc3 dxe4 4. Nxe4 Bf5 5. Ng3 Bg6 6. h4 h6 7. h5 Bh7 8. Nf3 Nd7 9. Bd3 Bxd3 10. Qxd3 e6 11. Bf4 Qa5+ 12. Bd2 Qc7 13. O-O-O Ngf6 14. Ne4 O-O-O 15. Kb1 Nc5 16. Nxc5 Bxc5 17. Rh4 Bd6 18. Qe2 Rhe8 19. Ne5 Rf8 20. Nc4 Qe7 21. Nxd6+ Qxd6 22. Bf4 Qd5 23. Bg3 Qf5 24. Rd3 Rd5 25. Rf3 Qg5 26. c4 Ra5 27. d5 Nxh5 28. dxc6 b6 29. Qxe6+ fxe6 30. Rxf8+ Qd8 31. Rxd8+ Kxd8 32. Rd4+ Kc8 33. Bh2 Nf6 34. Rd6 Rh5 35. Bf4 Rf5 36. Be3 Re5 37. Kc2 Ng4 38. Rd7 Nxe3+ 39. fxe3 Rg5 40. Rxa7 Rxg2+ 41. Kd3 Rxb2 42. Rxg7 Rxa2 43. Kd4 Ra5 44. Rb7 h5 45. Rxb6 h4 46. Ke4 h3 47. Rb2 Rh5 48. Rh2 Kc7 49. Kf4 Kxc6 50. Kg4 Rc5 51. Rxh3 Rxc4+ 52. Kf3 1/2-1/2

[Event "NOR-ch Various 2019"]
[Site "Larvik"]
[Date "2019.07.09"]
[Round "4.41"]
[White "Hagesather, Ellen"]
[Black "Carlsen, Christian Heen"]
[Result "1-0"]
[ECO "B20"]
[WhiteElo "2193"]
[BlackElo "2013"]
[Annotator "NA"]
[PlyCount "71"]
[EventDate "2019.07.06"]
[EventType "swiss"]
[EventCountry "NOR"]
[SourceTitle "playchess.com"]
[Source "ChessBase"]
[SourceQuality "1"]
[TimeControl "40/5400+30:1800+30"]

1. e4 c5 2. d3 e6 3. g3 d5 4. Qe2 Be7 5. e5 Nc6 6. Nf3 h5 7. h4 Nh6 8. Bxh6 Rxh6 9. Bg2 Qc7 10. O-O Bd7 11. c3 O-O-O 12. d4 cxd4 13. cxd4 Qb6 14. Rd1 f6 15. Nc3 fxe5 16. dxe5 Kb8 17. a3 g5 18. Nxg5 Bxg5 19. hxg5 Rg6 20. Na4 Qa5 21. Qxh5 Rdg8 22. b3 Rxg5 23. Qh7 Nxe5 24. Rac1 Bxa4 25. bxa4 Ng4 26. Qf7 R5g6 27. Rd4 Qb6 28. a5 Qxa5 29. Rb4 b5 30. Qd7 a6 31. Qd6+ Ka8 32. Rc7 Ne5 33. Qxe5 Rxg3 34. fxg3 Qb6+ 35. Rd4 Rf8 36. Rh7 1-0

[Event "NOR-ch Various 2019"]
[Site "Larvik"]
[Date "2019.07.09"]
[Round "5.1"]
[White "Stake-Larsen, Gunnar"]
[Black "Skogheim, Ole Morten"]
[Result "1-0"]
[ECO "D13"]
[WhiteElo "1976"]
[BlackElo "1968"]
[Annotator "NA"]
[PlyCount "193"]
[EventDate "2019.07.06"]
[EventType "swiss"]
[EventCountry "NOR"]
[SourceTitle "playchess.com"]
[Source "ChessBase"]
[SourceQuality "1"]
[TimeControl "40/5400+30:1800+30"]

1. d4 d5 2. Bf4 c5 3. c3 Nc6 4. e3 cxd4 5. cxd4 Nf6 6. Nf3 e6 7. Nc3 a6 8. Bd3 Nh5 9. Bg5 Be7 10. Bxe7 Nxe7 11. Ne5 Nf6 12. O-O O-O 13. Rc1 b5 14. Ne2 Bb7 15. Ng3 Rc8 16. f3 Nd7 17. Rxc8 Qxc8 18. Nxd7 Qxd7 19. Qd2 f6 20. Rc1 Rc8 21. Rxc8+ Qxc8 22. Qc2 Qxc2 23. Bxc2 Nc6 24. Kf2 Nb4 25. Bb1 a5 26. a3 Nc6 27. Bd3 b4 28. Ne2 Kf7 29. Ke1 h6 30. Kd2 Ke7 31. Kc2 Kd6 32. Kb3 bxa3 33. bxa3 Kc7 34. Nf4 e5 35. Nxd5+ Kd6 36. Nb6 exd4 37. exd4 Nxd4+ 38. Ka4 Kc5 39. Nd7+ Kd6 40. Nf8 Bc6+ 41. Kxa5 Kc5 42. Ka6 Be8 43. Kb7 Kd6 44. Ng6 Ne6 45. Bc2 Kc5 46. Ne7 Nd4 47. Bd3 Bd7 48. Kc7 Be6 49. Nc8 Bb3 50. Kd8 Ne6+ 51. Ke7 Nf4 52. Bf1 Nd5+ 53. Kf8 g5 54. Kg7 h5 55. Bd3 Nf4 56. Be4 Nd5 57. Bxd5 Bxd5 58. Kxf6 g4 59. fxg4 hxg4 60. g3 Kb5 61. Ke5 Bb3 62. Kf4 Ka4 63. Nd6 Be6 64. Ne4 Kxa3 65. Nf2 Kb4 66. Nxg4 Kc5 67. Nf6 Kd6 68. Kg5 Ke7 69. Kg6 Kf8 70. Nh7+ Kg8 71. Ng5 Bb3 72. h4 Bc2+ 73. Kf6 Bd1 74. Ne6 Kh8 75. Kg5 Bb3 76. Nf4 Kh7 77. h5 Bd1 78. h6 Bf3 79. Nh5 Bd1 80. Nf6+ Kh8 81. Kh4 Bc2 82. g4 Bb1 83. g5 Bc2 84. Kg3 Bb1 85. Kf4 Bc2 86. Ke5 Bb1 87. Ne8 Kh7 88. Kf6 Bc2 89. Nd6 Bg6 90. Nf5 Be8 91. Nd4 Bh5 92. Ne6 Be8 93. Nf8+ Kg8 94. g6 Bxg6 95. Kxg6 Kh8 96. Nd7 Kg8 97. Ne5 1-0

[Event "NOR-ch Various 2019"]
[Site "Larvik"]
[Date "2019.07.09"]
[Round "5.2"]
[White "Hovden, Hans"]
[Black "Smeby, Ole"]
[Result "1/2-1/2"]
[ECO "A18"]
[WhiteElo "1810"]
[BlackElo "1887"]
[Annotator "NA"]
[PlyCount "50"]
[EventDate "2019.07.06"]
[EventType "swiss"]
[EventCountry "NOR"]
[SourceTitle "playchess.com"]
[Source "ChessBase"]
[SourceQuality "1"]
[TimeControl "40/5400+30:1800+30"]

1. c4 Nf6 2. Nc3 e6 3. e4 d6 4. d4 Be7 5. Nf3 O-O 6. Be2 c5 7. O-O cxd4 8. Nxd4 e5 9. Nc2 Nc6 10. b3 Ne8 11. Ba3 Be6 12. Ne3 Nd4 13. Bb2 Rc8 14. Nc2 Nxe2+ 15. Qxe2 f5 16. f3 Nf6 17. Rad1 Qb6+ 18. Qf2 Qxf2+ 19. Rxf2 a6 20. exf5 Bxf5 21. Ne3 Be6 22. Ncd5 Nxd5 23. Nxd5 Bxd5 24. Rxd5 Rc6 25. Rfd2 Rf6 1/2-1/2

[Event "NOR-ch Various 2019"]
[Site "Larvik"]
[Date "2019.07.09"]
[Round "5.3"]
[White "Starli, Atle"]
[Black "Kristiansen, Oddvar"]
[Result "0-1"]
[ECO "E68"]
[WhiteElo "1526"]
[BlackElo "1479"]
[Annotator "NA"]
[PlyCount "152"]
[EventDate "2019.07.06"]
[EventType "swiss"]
[EventCountry "NOR"]
[SourceTitle "playchess.com"]
[Source "ChessBase"]
[SourceQuality "1"]
[TimeControl "40/5400+30:1800+30"]

1. d4 Nf6 2. c4 g6 3. g3 Bg7 4. Bg2 d6 5. Nf3 c6 6. O-O O-O 7. Nc3 Nbd7 8. e4 e5 9. dxe5 dxe5 10. Qc2 Qc7 11. b3 Re8 12. Ba3 Bf8 13. Bxf8 Nxf8 14. c5 Ne6 15. b4 Nd4 16. Nxd4 exd4 17. Ne2 Rd8 18. Rad1 d3 19. Rxd3 Rxd3 20. Qxd3 Be6 21. a3 Rd8 22. Qc3 Qe7 23. f4 Nh5 24. Nd4 Bc8 25. f5 Qe5 26. Ne2 f6 27. Qc4+ Kf8 28. g4 Ng7 29. h4 gxf5 30. gxf5 Nh5 31. Qc1 Kg7 32. Rd1 Rxd1+ 33. Qxd1 Qb2 34. Bf3 Kh6 35. Bxh5 Kxh5 36. Nd4+ Kh6 37. Nc2 Qe5 38. Qf3 Bd7 39. Ne3 Kg7 40. Qg4+ Kf8 41. h5 Be8 42. h6 Bf7 43. Qg7+ Ke8 44. Kf2 Qf4+ 45. Ke2 Qe5 46. Qxh7 Qxe4 47. Qh8+ Ke7 48. Qg7 Ke8 49. Qxf6 Bc4+ 50. Kf2 Qf4+ 51. Kg2 Qxe3 52. Qh8+ Ke7 53. f6+ Kd7 54. Qg7+ Kc8 55. Qf8+ Kd7 56. Qe7+ Qxe7 57. fxe7 Bd3 58. Kg3 Kxe7 59. Kg4 Kf6 60. Kf4 Kg6 61. Ke5 b5 62. Kd6 Be4 63. Kc7 Kxh6 64. Kb7 Kg6 65. Kxa7 Kf6 66. Kb6 Ke6 67. Ka5 Kd5 68. a4 Bd3 69. axb5 Bxb5 70. Kb6 Kc4 71. Ka5 Kb3 72. Kb6 Kxb4 73. Kc7 Kxc5 74. Kb7 Ba4 75. Ka6 Kb4 76. Kb6 c5 0-1

[Event "NOR-ch Various 2019"]
[Site "Larvik"]
[Date "2019.07.09"]
[Round "5.4"]
[White "Kyrkjebo, Eirik"]
[Black "Mottang, Harald"]
[Result "1-0"]
[ECO "B31"]
[WhiteElo "1598"]
[BlackElo "1559"]
[Annotator "NA"]
[PlyCount "47"]
[EventDate "2019.07.06"]
[EventType "swiss"]
[EventCountry "NOR"]
[SourceTitle "playchess.com"]
[Source "ChessBase"]
[SourceQuality "1"]
[TimeControl "40/5400+30:1800+30"]

1. e4 c5 2. Nf3 Nc6 3. Bb5 g6 4. O-O Bg7 5. Nc3 Nf6 6. e5 Ng4 7. Bxc6 dxc6 8. Qe2 O-O 9. h3 Nh6 10. Ne4 b6 11. a4 a5 12. d3 Nf5 13. c3 Qc7 14. g4 Nh6 15. Bf4 f5 16. exf6 Qxf4 17. fxg7 Kxg7 18. Neg5 Bxg4 19. Qxe7+ Nf7 20. hxg4 Rae8 21. Ne6+ Kg8 22. Qxf8+ Rxf8 23. Nxf4 Nd6 24. Nxg6 1-0

[Event "NOR-ch Various 2019"]
[Site "Larvik"]
[Date "2019.07.09"]
[Round "5.5"]
[White "Runde, Hans Arild"]
[Black "Vigdal, Per Kr"]
[Result "0-1"]
[ECO "B24"]
[WhiteElo "1876"]
[BlackElo "1926"]
[Annotator "NA"]
[PlyCount "140"]
[EventDate "2019.07.06"]
[EventType "swiss"]
[EventCountry "NOR"]
[SourceTitle "playchess.com"]
[Source "ChessBase"]
[SourceQuality "1"]
[TimeControl "40/5400+30:1800+30"]

1. e4 c5 2. Nc3 Nc6 3. g3 Nf6 4. Bg2 d6 5. Nge2 e5 6. h3 Rb8 7. a4 Be7 8. d3 a6 9. O-O b5 10. axb5 axb5 11. f4 O-O 12. Be3 Nd4 13. b3 b4 14. Bxd4 cxd4 15. Nb1 Qc7 16. fxe5 dxe5 17. Nd2 Be6 18. Ra2 Nd7 19. g4 Bg5 20. Ng3 Ra8 21. Rxa8 Rxa8 22. Nc4 Ra2 23. Qe2 Nb6 24. Rb1 g6 25. Qd1 Nxc4 26. dxc4 Qa7 27. Qd3 Ra1 28. Rxa1 Qxa1+ 29. Bf1 Qe1 30. Kg2 Bf4 31. Nh1 Be3 32. Qe2 Qh4 33. Qf3 Bf4 34. Nf2 h5 35. Be2 Be3 36. Qg3 Qf6 37. Nd3 Bf4 38. Nxf4 exf4 39. Qf3 hxg4 40. hxg4 g5 41. Qh3 Kg7 42. Bd3 Qe5 43. Kf3 f6 44. Qh5 Bd7 45. Qh1 Bc6 46. Qh5 Qa5 47. Kf2 Qe5 48. Kf3 Be8 49. Qh1 Qa5 50. Qg1 Qe5 51. Qh1 Bg6 52. Kf2 Qb8 53. Qa1 Qh8 54. Qa7+ Bf7 55. Qd7 Qh2+ 56. Ke1 Qg1+ 57. Ke2 Qe3+ 58. Kd1 f3 59. Qf5 Bg6 60. Qd7+ Kh6 61. Qc8 Kg7 62. Qd7+ Bf7 63. Qf5 Qg1+ 64. Kd2 f2 65. Ke2 Qe1+ 66. Kf3 f1=Q+ 67. Bxf1 Qxf1+ 68. Kg3 Qg1+ 69. Kf3 Qd1+ 70. Kg3 Qxc2 0-1

[Event "NOR-ch Various 2019"]
[Site "Larvik"]
[Date "2019.07.09"]
[Round "5.6"]
[White "Engeset, Audun"]
[Black "Hoem, Audun"]
[Result "0-1"]
[ECO "B39"]
[WhiteElo "1944"]
[BlackElo "1807"]
[Annotator "NA"]
[PlyCount "52"]
[EventDate "2019.07.06"]
[EventType "swiss"]
[EventCountry "NOR"]
[SourceTitle "playchess.com"]
[Source "ChessBase"]
[SourceQuality "1"]
[TimeControl "40/5400+30:1800+30"]

1. e4 c5 2. Nf3 g6 3. d4 cxd4 4. Nxd4 Nc6 5. c4 Bg7 6. Be3 Nf6 7. Nc3 Ng4 8. Qxg4 Nxd4 9. Bxd4 Bxd4 10. Qg3 Qb6 11. Rb1 Qb4 12. Qd3 Bxc3+ 13. bxc3 Qa5 14. Qd2 d6 15. c5 Qxc5 16. Bb5+ Kf8 17. Qh6+ Kg8 18. O-O Be6 19. Be2 b6 20. Rb5 Qc6 21. f4 Qxe4 22. Bf3 Qe3+ 23. Kh1 Rc8 24. Rg5 Rxc3 25. f5 Rc1 26. Bd1 Qd3 0-1

[Event "NOR-ch Various 2019"]
[Site "Larvik"]
[Date "2019.07.09"]
[Round "5.7"]
[White "Grondahl, David A"]
[Black "Nergard, Ole-Kristian"]
[Result "1-0"]
[ECO "B31"]
[WhiteElo "1730"]
[BlackElo "1505"]
[Annotator "NA"]
[PlyCount "41"]
[EventDate "2019.07.06"]
[EventType "swiss"]
[EventCountry "NOR"]
[SourceTitle "playchess.com"]
[Source "ChessBase"]
[SourceQuality "1"]
[TimeControl "40/5400+30:1800+30"]

1. e4 c5 2. Nc3 Nc6 3. Bb5 Nd4 4. Bc4 g6 5. Nf3 Bg7 6. O-O e6 7. Nxd4 cxd4 8. Nb5 Qb6 9. a4 a6 10. a5 Qc5 11. b4 Qc6 12. Na3 Qxe4 13. Bd3 Qd5 14. Nc4 Qc6 15. Qe2 Ne7 16. Ba3 Nf5 17. Bxf5 gxf5 18. b5 axb5 19. Nd6+ Kd8 20. Nxf7+ Ke8 21. Qh5 1-0

[Event "NOR-ch Various 2019"]
[Site "Larvik"]
[Date "2019.07.09"]
[Round "5.8"]
[White "Oldernes, Lars-Arne"]
[Black "Odegaard, Per Chr"]
[Result "1/2-1/2"]
[ECO "E70"]
[WhiteElo "1684"]
[BlackElo "1754"]
[Annotator "NA"]
[PlyCount "65"]
[EventDate "2019.07.06"]
[EventType "swiss"]
[EventCountry "NOR"]
[SourceTitle "playchess.com"]
[Source "ChessBase"]
[SourceQuality "1"]
[TimeControl "40/5400+30:1800+30"]

1. d4 Nf6 2. c4 g6 3. Nc3 Bg7 4. e4 d6 5. Bg5 O-O 6. Qd2 c6 7. O-O-O Qa5 8. Kb1 a6 9. f4 Qc7 10. e5 Bf5+ 11. Bd3 Bxd3+ 12. Qxd3 Ne8 13. h4 Qd7 14. h5 f6 15. Bh4 Qf5 16. Qxf5 gxf5 17. e6 Bh6 18. Nge2 b5 19. d5 bxc4 20. Nd4 Bxf4 21. dxc6 Be5 22. Nxf5 Nxc6 23. Nd5 Ra7 24. Rc1 Rb7 25. Rc2 Ng7 26. Nxg7 Kxg7 27. Rxc4 Rxb2+ 28. Kc1 Rxa2 29. Rh3 Rc8 30. Nb6 Rc7 31. Nd5 Rc8 32. Nb6 Rc7 33. Nd5 1/2-1/2

[Event "NOR-ch Various 2019"]
[Site "Larvik"]
[Date "2019.07.09"]
[Round "5.9"]
[White "Roste, Stein"]
[Black "Wullum, Robin"]
[Result "0-1"]
[ECO "E32"]
[WhiteElo "1321"]
[BlackElo "1452"]
[Annotator "NA"]
[PlyCount "70"]
[EventDate "2019.07.06"]
[EventType "swiss"]
[EventCountry "NOR"]
[SourceTitle "playchess.com"]
[Source "ChessBase"]
[SourceQuality "1"]
[TimeControl "40/5400+30:1800+30"]

1. d4 Nf6 2. c4 e6 3. Nf3 Bb4+ 4. Nc3 O-O 5. Qc2 d5 6. a3 Be7 7. c5 b6 8. b4 a5 9. Bb2 c6 10. e3 b5 11. Bd3 Nbd7 12. O-O Qc7 13. e4 Nxe4 14. Nxe4 dxe4 15. Bxe4 Nf6 16. Ne5 Bb7 17. f4 g6 18. Rf3 Nd5 19. Bxd5 exd5 20. f5 f6 21. fxg6 fxe5 22. gxh7+ Kh8 23. dxe5 Rxf3 24. gxf3 Qd8 25. e6+ Bf6 26. f4 axb4 27. Re1 Qe7 28. axb4 Qg7+ 29. Kh1 Bxb2 30. Rg1 Ra1 31. Rxa1 Bxa1 32. Qf5 Bd4 33. Qg5 Qxg5 34. fxg5 Bc8 35. e7 Bd7 0-1